 Dungeon Crawl Stone Soup version 0.23.0 (webtiles) character file.

Game seed: 11872813042442028380

179 VendettaCH the Cudgeler (level 5, 0/33 HPs)
             Began as a Gargoyle Monk on Feb 11, 2019.
             Killed by nerve-wracking pain
             ... invoked by an orc priest
              (4 damage)
             ... on level 3 of the Dungeon.
             The game lasted 00:22:55 (3108 turns).

VendettaCH the Cudgeler (Gargoyle Monk)             Turns: 3108, Time: 00:22:56

Health: 0/33       AC: 12    Str: 16    XL:     5   Next: 59%
Magic:  5/5        EV: 10    Int: 10    God:
Gold:   48         SH:  0    Dex: 12    Spells: 4/4 levels left

rFire    . . .     SeeInvis .   a - +0 mace
rCold    . . .     Gourm    .   (no shield)
rNeg     + . .     Faith    .   u - +0 scale mail
rPois    ∞         Spirit   .   q - +1 helmet
rElec    +         Reflect  .   (no cloak)
rCorr    .         Harm     .   (no gloves)
MR       .....                  (no boots)
Stlth    +.........             (no amulet)
HPRegen  0.11/turn              (no ring)
MPRegen  0.09/turn              (no ring)

@: no status effects
A: negative energy resistance 1, electricity resistance, unbreathing,
petrification resistance, rot immunity, AC +4
a: no special abilities


You were on level 3 of the Dungeon.
You were not hungry.

You visited 1 branch of the dungeon, and saw 3 of its levels.

You collected 48 gold pieces.

Inventory:

Hand Weapons
 a - a +0 mace (weapon)
 n - a +1 vampiric whip
Armour
 q - a +1 helmet (worn)
 u - a +0 scale mail (worn)
Jewellery
 d - an uncursed ring of protection from fire {unknown}
 v - an uncursed ring of protection from cold {unknown}
Wands
 t - a wand of digging (11)
Scrolls
 e - a scroll of blinking
 f - a scroll of identify {unknown}
 j - a scroll of fog {unknown}
 k - a scroll of remove curse {unknown}
 l - 2 scrolls of teleportation
Potions
 b - a potion of curing {unknown}
 g - 3 potions of lignification {unknown}
 h - 2 potions of degeneration {unknown}
 i - a potion of brilliance {unknown}
 m - 2 potions of agility {unknown}
 o - a potion of cancellation {unknown}
 p - a potion of berserk rage {unknown}
 s - 2 potions of might {unknown}
Comestibles
 c - 5 rations
 r - 5 chunks of flesh


   Skills:
 + Level 4.0 Fighting
 * Level 5.2 Maces & Flails
 * Level 1.2 Armour
 - Level 2.7 Dodging
 - Level 2.3 Stealth


You had 4 spell levels left.
You didn't know any spells.
Your spell library was empty.

Dungeon Overview and Level Annotations

Branches:
Dungeon (3/15)

Altars:


Innate Abilities, Weirdness & Mutations

You are resistant to torment.
Your stone body is resilient. (AC +4)
You are immune to poison.
You resist negative energy. (rN+)
You are resistant to electric shocks. (rElec)
You can survive without breathing.
You are immune to petrification.
You are immune to rotting.


Message History

* * * LOW HITPOINT WARNING * * *
The orc hits you but does no damage. The orc closely misses you.
The orc priest barely misses you.
You hit the orc priest.
The orc priest is heavily wounded.
The orc priest calls upon Beogh to heal the orc.
The orc's wounds heal themselves!
The orc barely misses you.
You barely miss the orc priest.
The orc priest is heavily wounded.
The orc priest looks encouraged for a moment.
The orc hits you but does no damage. x2
The orc priest hits you with a +1 hand axe of holy wrath.
* * * LOW HITPOINT WARNING * * *
The orc hits you but does no damage.
Your magical contamination has completely faded away.
A frilled lizard comes into view.
The frilled lizard hisses angrily.
The orc priest invokes the aid of Beogh against you.
Pain shoots through your body!
You die...

#...###.###...##...# #
##...#...#....#...=### .
##.8...8...8...).....# .
#.....................# .
#....................#..###.
........................$...
#...l.......oo......#####...
#............o.............#
#..........@.............##.
.#.......>................#o
#......#...........#####.#o
...........................
#####.....#.[.#.........##.
#....####.#....##.....##S
#.....#......####.....##.
#...........####.......#S
#......##........##......


You could see an orc priest, 2 orcs and a frilled lizard.

Vanquished Creatures
  Jessica (D:2)
  Terence (D:2)
  Robin (D:2)
  2 adders
  An ooze (D:1)
  3 worms
  4 dart slugs
  5 leopard geckos
  An orc (D:3)
  4 giant cockroaches
  14 goblins
  10 hobgoblins
  7 kobolds
  9 bats
  6 frilled lizards
  6 rats (D:1)
75 creatures vanquished.

Notes
Turn   | Place    | Note
-------+----------+-------------------------------------------
     0 | D:1      | VendettaCH the Gargoyle Monk began the quest for the Orb.
     0 | D:1      | Reached XP level 1. HP: 14/14 MP: 1/1
   463 | D:1      | Reached XP level 2. HP: 14/19 MP: 2/2
  1015 | D:1      | Reached XP level 3. HP: 24/24 MP: 3/3
  1221 | D:2      | Noticed Robin
  1609 | D:2      | Reached skill level 4 in Maces & Flails
  1609 | D:2      | Reached XP level 4. HP: 27/29 MP: 4/4
  1690 | D:2      | Noticed Jessica
  1694 | D:2      | Killed Jessica
  1708 | D:2      | Reached skill level 1 in Armour
  2003 | D:2      | Killed Robin
  2009 | D:2      | Reached XP level 5. HP: 17/33 MP: 5/5
  2842 | D:3      | Noticed Terence
  2875 | D:2      | Killed Terence
  2875 | D:2      | Reached skill level 5 in Maces & Flails
  3108 | D:3      | Killed from afar by an orc priest

Skill      XL: |  1  2  3  4  5 |
---------------+----------------+-----
Maces & Flails | 4 5 |  5.2
Armour         | 1 |  1.2
Fighting       | 4 |  4.0
Dodging        | |  2.7
Stealth        | |  2.3

Action                   |  1- 3 |  4- 6 || total
-------------------------+-------+-------++-------
Melee: Mace              |   122 |   166 ||   288
  Use: Scroll            |     1 |     1 ||     2
 Stab: Sleeping          |     6 |     1 ||     7
  Eat: Ration            |     1 |       ||     1
       Chunk             |       |     4 ||     4
Armor: Robe              |    40 |    16 ||    56
       Scale mail        |       |    27 ||    27
       Animal skin       |       |    22 ||    22
Dodge: Dodged            |   109 |   111 ||   220
